 Dungeon Crawl Stone Soup version 0.30-a0-439-g9e77e4d916 (webtiles) character file.

Game seed: 9322534852091125283

70 AigisTheKnight the Digger (level 4, -5/30 HPs)
             Began as a Formicid Earth Elementalist on Dec 10, 2022.
             Blown up by Ijyb (12 damage)
             ... with a mindburst bolt
             ... on level 2 of the Dungeon.
             The game lasted 00:04:14 (1975 turns).

AigisTheKnight the Digger (FoEE)                    Turns: 1975, Time: 00:04:14

Health: -5/30      AC:  3    Str: 13    XL:     4   Next: 45%
Magic:  3/8        EV: 12    Int: 16    God:
Gold:   99         SH:  0    Dex: 14    Spells: 4/8 levels left

rFire   . . .      SeeInvis +    c - staff of conjuration
rCold   . . .      Faith    .    (no shield)
rNeg    . . .      Spirit   .    k - +0 leather armour
rPois   .          Reflect  .    (helmet unavailable)
rElec   .          Harm     .    (no cloak)
rCorr   .          Rampage  .    (no gloves)
Will    .....                    (no boots)
Stlth   ++........               (no amulet)
HPRegen 0.25/turn                (no ring)
MPRegen 0.11/turn                (no ring)

@: very slightly contaminated
A: permanent stasis, dig shafts and tunnels, antennae 3, four strong arms
a: Dig, Shaft Self


You were on level 2 of the Dungeon.
You visited 1 branch of the dungeon, and saw 2 of its levels.

You collected 99 gold pieces.

Inventory:

Armour
 a - a +0 robe
 k - a +0 leather armour (worn)
Magical Staves
 c - a staff of conjuration (weapon)
Scrolls
 d - 2 scrolls of teleportation {unknown}
 e - a scroll of fear {unknown}
 f - a scroll of magic mapping {unknown}
Potions
 b - a potion of magic
 g - a potion of heal wounds {unknown}
 h - 2 potions of curing {unknown}
 i - 2 potions of lignification {unknown}
 j - a potion of mutation {unknown}
 l - a potion of attraction {unknown}


   Skills:
 + Level 2.5 Dodging
 + Level 3.4 Stealth
 + Level 2.9 Spellcasting
 - Level 1.1 Transmutations
 + Level 4.3 Earth Magic


You had 4 spell levels left.
You knew the following spells:

 Your Spells              Type           Power      Damage    Failure   Level
a - Sandblast             Erth           32%        2d9       4%          1
b - Stone Arrow           Conj/Erth      26%        3d8       30%         3

Your spell library contained the following spells:

 Spells                   Type           Power      Damage    Failure   Level
 Passwall                 Tmut/Erth      8%         N/A       12%         2
 Petrify                  Tmut/Erth      10%        N/A       61%         4


Dungeon Overview and Level Annotations

Branches:
Dungeon (2/15)

Altars:

Shops:
D:1 (?*?   D:2 [

Annotations:
D:2 Ijyb


Innate Abilities, Weirdness & Mutations

You cannot be hasted, slowed, berserked, paralysed or teleported.
You can dig through walls and to a lower floor.
You have a pair of large antennae on your head. (SInv)
Your four strong arms can wield two-handed weapons with a shield.


Message History

Casting: Sandblast (safe; 4% risk of failure)
Confirm with . or Enter, or press ? or * to list all spells.
Aiming: Sandblast (safe; 4% risk of failure)
Press: ? - help, Shift-Dir - straight line, f/p - Ijyb
Aim: Ijyb, wielding a +0 dagger, wearing a +0 leather armour and carrying a wand of mindburst (2) (lightly wounded, 77% to hit)
The blast of sand hits Ijyb!
Ijyb is moderately wounded.
Unknown command.
Unknown command.
Casting: Sandblast (safe; 4% risk of failure)
Confirm with . or Enter, or press ? or * to list all spells.
Aiming: Sandblast (safe; 4% risk of failure)
Press: ? - help, Shift-Dir - straight line, f/p - Ijyb
Aim: Ijyb, wielding a +0 dagger, wearing a +0 leather armour and carrying a wand of mindburst (2) (moderately wounded, 77% to hit)
The blast of sand hits Ijyb!
Ijyb is severely wounded.
Ijyb hits you with a +0 dagger.
Ijyb screams, "No!
No, no, no, no!"
Ijyb closely misses you.
Unknown command.
Casting: Sandblast (safe; 4% risk of failure)
Confirm with . or Enter, or press ? or * to list all spells.
Aiming: Sandblast (safe; 4% risk of failure)
Press: ? - help, Shift-Dir - straight line, f/p - Ijyb
Aim: Ijyb, wielding a +0 dagger, wearing a +0 leather armour and carrying a wand of mindburst (2) (severely wounded, 77% to hit)
The blast of sand hits Ijyb but does no damage.
Ijyb is severely wounded.
Ijyb screams, "Me kill you!" Ijyb hits you with a +0 dagger.
* * * LOW HITPOINT WARNING * * *
Unknown command.
Casting: Sandblast (safe; 4% risk of failure)
Confirm with . or Enter, or press ? or * to list all spells.
Aiming: Sandblast (safe; 4% risk of failure)
Press: ? - help, Shift-Dir - straight line, f/p - Ijyb
Aim: Ijyb, wielding a +0 dagger, wearing a +0 leather armour and carrying a wand of mindburst (2) (severely wounded, 77% to hit)
The blast of sand hits Ijyb but does no damage.
Ijyb is severely wounded.
Ijyb zaps a wand.
Your mind is blasted!
You die...

#..#.#...).)......#.# #.#
##.#.#.####÷#..#..#.## #.#
#.#.#.## #.#.###....###.##
#.#....###.#..#....∩......
#)..........#..>.###...)..
#.#....##.#.##.#.# #...)..
#.#.#.##....##.#.###.###.#
#.#.#.#........#†....# #†#
#.#.#.#..@..###..#.#.###.#
#.#.#....g..##.#.#.......†
#.#.#.........###.........
#.#.##......##############
#.#.###.#...8.8.8
#.<...........gg.
#.####..##.....g. #. #..#
....... ## #..##.......


You could see Ijyb.

Vanquished Creatures
  An adder (D:2)
  A worm (D:2)
  4 ball pythons
  2 bats
  6 endoplasms
  2 giant cockroaches (D:1)
  4 hobgoblins
  6 quokkas
  A frilled lizard (D:2)
  10 goblins
  4 kobolds
  12 rats
53 creatures vanquished.

Notes
Turn   | Place    | Note
-------+----------+-------------------------------------------
     0 | D:1      | AigisTheKnight the Formicid Earth Elementalist began the
                  | quest for the Orb.
     0 | D:1      | Reached XP level 1. HP: 13/13 MP: 3/3
   105 | D:1      | Reached XP level 2. HP: 19/19 MP: 3/5
   367 | D:1      | Found Lohynt's Magic Scroll Shoppe.
   458 | D:1      | Reached skill level 4 in Earth Magic
   458 | D:1      | Reached XP level 3. HP: 24/24 MP: 4/6
   611 | D:1      | Found a faded altar of an unknown god.
   714 | D:1      | Found Wurresap's General Store.
   771 | D:1      | Found Ewkajaog's Weapon Emporium.
   849 | D:1      | Found Lithin's Magic Scroll Boutique.
  1396 | D:2      | Reached XP level 4. HP: 30/30 MP: 4/8
  1396 | D:2      | Noticed Ijyb
  1769 | D:2      | Found Qecakk's Armour Boutique.
  1940 | D:2      | Learned a level 3 spell: Stone Arrow
  1975 | D:2      | Blown up by Ijyb

Illustrated notes

Levels and vault maps discovered:
D:1:      nicolae_arrival_memento_mori, layout_basic, serial_shops,
          nicolae_shop_hallway_stairs, shop, nicolae_shop_trees,
          nicolae_shop_hallway_plus, basic_ecumenical_altar, minmay_hexomino_c4
D:2:      kennysheep_the_goblin_king, layout_loops_ring, serial_shops, shop

Skill      XL: |  1  2 |
---------------+-------+-----
Dodging        | 2 |  2.5
Stealth        | 3 |  3.4
Earth Magic    | 4 |  4.3
Spellcasting   | |  2.9
Transmutations | |  1.1

Action                   |  1- 3 |  4- 6 || total
-------------------------+-------+-------++-------
Melee: Staff             |     7 |     6 ||    13
 Cast: Sandblast         |    42 |    24 ||    66
 Stab: Sleeping          |       |     1 ||     1
Armor: Robe              |     1 |       ||     1
Dodge: Dodged            |    15 |     5 ||    20

Table legend: (Time is in decaauts)
 A = Elapsed time spent in this place.
 B = Non-inter-level travel time spent in this place.
 C = Inter-level travel time spent in this place.
 D = Time resting spent in this place.
 E = Time spent auto-exploring this place.
 F = Levels seen in this place.
 G = Mean time per level.
                   A        B        C        D        E       F      G
               +--------+--------+--------+--------+--------+-----+--------+
         Total |   2010 |   1887 |    123 |    226 |   1237 |   2 | 1005.0 |
       Dungeon |   2010 |   1887 |    123 |    226 |   1237 |   2 | 1005.0 |
               +--------+--------+--------+--------+--------+-----+--------+

Top non-repeatable levels by time:
     D:1: 1265 daAuts
     D:2: 744 daAuts
